 Dungeon Crawl Stone Soup version 0.13-a0-2923-g04ac8d1 (webtiles) character file.

479 4tharraofdagon the Chopper (level 6, -1/49 HPs)
             Began as a Djinni Berserker on Sept 2, 2013.
             Was a Believer of Trog.
             Slain by a warg (2 damage)
             ... on Level 6 of the Dungeon.
             The game lasted 00:03:42 (674 turns).

4tharraofdagon the Chopper (Djinni Berserker)        Turns: 674, Time: 00:03:43

HP  -1/49        AC 11     Str 19      XL: 6   Next: 58%
MP   0/0         EV  7     Int  8      God: Trog [**....]
Gold 70          SH  0     Dex 12      Spells:  0 memorised,  5 levels left

Res.Fire  : + + +   See Invis. : .   l - +1 dwarf hand axe
Res.Cold  : x . .   Warding    : .   t - +0 orc chain mail
Life Prot.: + + +   Conserve   : .   (no shield)
Res.Poison: .       Res.Corr.  : .   j - +1 helmet
Res.Elec. : .       Clarity    : .   (no cloak)
Sust.Abil.: + .     Spirit.Shd : .   (no gloves)
Res.Mut.  : .       Stasis     : .   (boots unavailable)
Res.Rott. : .       Flight     : .   (no amulet)
Saprovore : . . .                    (no ring)
                                     e - ring of sustain abilities

@: exhausted, very slightly contaminated, slowed, very slow, slightly resistant
to hostile enchantments, extremely unstealthy
A: fire immunity, cold vulnerability, life protection 3
a: Burn Spellbooks, Berserk, Trog's Hand, Renounce Religion


You were on level 6 of the Dungeon.
You worshipped Trog.
Trog was most pleased with you.
You were not hungry.

You visited 1 branch of the dungeon, and saw 6 of its levels.

You collected 50 gold pieces.

Inventory:

Hand weapons
 a - a +0,+0 hand axe {=f}
 l - a +1,+1 dwarven hand axe (weapon)
Armour
 b - a +0 animal skin
 g - a +0 helmet
 j - a +1 helmet (worn)
 k - a +0 orcish scale mail
 n - a +2 orcish chain mail
 t - a +0 orcish chain mail (worn)
Magical devices
 p - a wand of slowing (9) {unknown}
Scrolls
 c - a scroll of curse jewellery {unknown}
 d - 5 scrolls of identify {unknown}
 f - a scroll of curse weapon {unknown}
 h - a scroll of curse armour {unknown}
 i - a scroll of enchant weapon II {unknown}
 m - a scroll of blinking {unknown}
 o - a scroll of noise {unknown}
 r - a scroll of enchant armour {unknown}
Jewellery
 e - a ring of sustain abilities (left hand)
Potions
 q - a potion of heal wounds {unknown}


   Skills:
 + Level 4.3 Fighting
 * Level 5.1 Axes
 + Level 4.1 Armour
 - Level 1.7 Dodging


You had 5 spell levels left.
You didn't know any spells.

Dungeon Overview and Level Annotations

Branches:
Dungeon (6/27)             Temple (0/1) D:4
    Orc: D:6-11

Altars:
Ashenzari
Makhleb


Innate Abilities, Weirdness & Mutations

You are immune to all types of fire, even holy and hellish.
You are vulnerable to cold.
You need no food.
You have no legs.
You are immune to negative energy.


Message History

The warg bites you!
* * * LOW HITPOINT WARNING * * *
The warg claws you.
* * * LOW HITPOINT WARNING * * *
The warg claws you.
* * * LOW HITPOINT WARNING * * *
The warg bites you.
* * * LOW HITPOINT WARNING * * *
The warg claws you but does no damage. The warg claws you.
* * * LOW HITPOINT WARNING * * *
You finish putting on your +0 orcish chain mail.
Unknown command.
Drink which item? (? for menu, Esc to quit)
There was something very wrong with that liquid!
You are wearing:
e - a ring of sustain abilities (left hand)
You feel dopey for a moment.
It was a potion of degeneration.
The warg barely misses you. The warg claws you but does no damage.
The warg bites you but does no damage. The warg claws you but does no damage.
The warg claws you.
You die...

#.# #.# ##+## #.# ##...##
#.# ##.....## ##.##
##.......##
######...####..%......##
%............'.........'.
##...h)).###.........##
#.#.#@#.# ##.......## #
###.# ##.....## #)#
##...## #.# ##+## #.# h.#
... .## ..


You could see a warg.

Vanquished Creatures
  An orc warrior (D:6)
  A phantom (D:4)
  A worker ant (D:6)
  An orc priest (D:6)
  A giant frog skeleton (D:5)
  An orc wizard (D:5)
  Ijyb (D:3)
  Jessica (D:3)
  An adder (D:4)
  3 gnolls (D:5)
  A giant gecko (D:2)
  6 orcs
  2 bats (D:4)
  A giant cockroach (D:4)
  2 hobgoblins
  8 jackals
  4 kobolds
  A giant newt (D:3)
  5 goblins
  A goblin skeleton (D:4)
  2 rats
45 creatures vanquished.

Notes
Turn   | Place    | Note
--------------------------------------------------------------
     0 | D:1      | 4tharraofdagon, the Djinni Berserker, began the quest for the Orb.
     0 | D:1      | Reached XP level 1. HP: 16/16 MP: 0/0
     5 | D:1      | 4tharraofdagon: +3,+5 sword eh
   104 | D:3      | Noticed Ijyb
   116 | D:3      | Reached skill level 3 in Axes
   118 | D:3      | Reached XP level 2. EP: 12/22
   123 | D:3      | Killed Ijyb
   126 | D:3      | Reached XP level 3. EP: 6/29
   242 | D:3      | Noticed Jessica
   253 | D:3      | Killed Jessica
   276 | D:4      | Found a burning altar of Makhleb.
   305 | D:4      | Found a shattered altar of Ashenzari.
   322 | D:4      | Noticed a phantom
   363 | D:4      | Killed a phantom
   363 | D:4      | Reached skill level 4 in Axes
   363 | D:4      | Reached XP level 4. EP: 18/35
   363 | D:4      | Reached XP level 5. EP: 21/41
   392 | D:4      | Found a staircase to the Ecumenical Temple.
   480 | D:4      | Acquired Trog's second power
   519 | D:5      | Entered Level 5 of the Dungeon
   633 | D:6      | Noticed an orc warrior
   647 | D:6      | Reached XP level 6. EP: 43/49
   648 | D:6      | Killed an orc warrior
   648 | D:6      | Reached skill level 5 in Axes
   673 | D:6      | HP: 1/49 [warg (3)]
   674 | D:6      | Slain by a warg

Action                   |  1- 3 |  4- 6 || total
-------------------------+-------+-------++-------
Melee: Hand axe          |    58 |    54 ||   112
Invok: Berserk           |     2 |     2 ||     4
       Trog's Hand       |       |     2 ||     2
  Use: Potion            |       |     1 ||     1
